 Dungeon Crawl Stone Soup version 0.29-a0-993-g4a18f31a58 (webtiles) character file.

Game seed: 1241279442127713085

14836 Newt the Basher (level 12, -2/72 HPs)
             Began as a Gargoyle Gladiator on Aug 2, 2022.
             Was an Initiate of Gozag.
             Slain by a wolf spider zombie (10 damage)
             ... on level 13 of the Dungeon.
             The game lasted 00:23:36 (12238 turns).

Newt the Basher (Gargoyle Gladiator)               Turns: 12238, Time: 00:23:36

Health: -2/72      AC: 39    Str: 18    XL:     12   Next: 20%
Magic:  4/4        EV:  8    Int: 10    God:    Gozag
Gold:   2233       SH:  5    Dex: 21    Spells: 12/12 levels left

rFire   . . .      SeeInvis +   n - +9 mace "Gedat" {vorpal, rPois Stlth+}
rCold   . . .      Faith    .   R - orb {*Rage}
rNeg    + + +      Spirit   .   H - +8 plate armour "Ysuysiem" {rN++ MP-9 Dex+2 SInv}
rPois   ∞          Reflect  +   P - +2 hat {Stlth+}
rElec   +          Harm     .   (no cloak)
rCorr   .          Rampage  .   U - +2 pair of gloves
Will    .....      Rage     20% (no boots)
Stlth   +.........              s - amulet "Bekeng" {Reflect Dex+4 SH+5}
HPRegen 0.22/turn               f - +4 ring of slaying
MPRegen 0.09/turn               C - +4 ring of protection

@: gold aura, on berserk cooldown, slowed, very slow
A: sickness immunity, AC +8, negative energy resistance 1, electricity
resistance, torment resistance 1, petrification resistance
a: Renounce Religion, Potion Petition, Call Merchant, Bribe Branch


You were on level 13 of the Dungeon.
You worshipped Gozag.
Gozag was most pleased with you.
You visited 2 branches of the dungeon, and saw 14 of its levels.
You also visited: Ossuary and Bailey.

You collected 2441 gold pieces.
You spent 52 gold pieces at shops.
You paid 156 gold pieces to Gozag.

Inventory:

Hand Weapons
 a - a +1 quarterstaff of draining
 n - the +9 mace "Gedat" (weapon) {vorpal, rPois Stlth+}
   (You found it on level 4 of the Dungeon)

   It inflicts extra damage upon your enemies.
   rPois:     It protects you from poison.
   Stlth:     It makes you more stealthy.
Missiles
 d - 3 throwing nets
 e - a javelin
 h - 9 boomerangs (quivered)
Armour
 b - a +0 leather armour
 c - a +0 helmet
 H - the +8 plate armour "Ysuysiem" (worn) {rN++ MP-9 Dex+2 SInv}
   (You found it on level 7 of the Dungeon)

   Dex:       It affects your dexterity (+2).
   rN:        It greatly protects you from negative energy.
   MP:        It affects your magic capacity (-9).
   SInv:      It lets you see invisible.
 N - the +1 pearl dragon scales of Lobus {rN+ Will+ Int+6}
   (You found it in a bailey)

   Int:       It affects your intelligence (+6).
   rN:        It protects you from negative energy.
   Will:      It increases your willpower.
 P - a +2 hat of stealth (worn)
 R - an orb of wrath (worn)
 T - the +1 ring mail "Gemnakho" {Rampage Regen+ rCorr Int-5}
   (You found it on level 9 of the Dungeon)

   Int:       It affects your intelligence (-5).
   Regen:     It increases your rate of health regeneration.
   rCorr:     It protects you from acid and corrosion.
   Rampage:   It bestows one free step when moving towards enemies.
 U - a +2 pair of gloves (worn)
Jewellery
 f - a +4 ring of slaying (left hand)
 j - a ring of resist corrosion
 r - an amulet of faith
 s - the amulet "Bekeng" (around neck) {Reflect Dex+4 SH+5}
   (You acquired it on level 9 of the Dungeon)

   [amulet of reflection]

   It reflects blocked missile attacks.
   Dex:       It affects your dexterity (+4).
   SH:        It affects your SH (+5).
 v - an amulet of the acrobat
 C - a +4 ring of protection (right hand)
 D - a +6 ring of intelligence
 S - a ring of protection from fire
Wands
 E - a wand of acid (10)
 F - a wand of paralysis (9)
 K - a wand of flame (28)
 M - a wand of digging (4)
Scrolls
 i - 12 scrolls of noise
 l - 2 scrolls of amnesia
 p - a scroll of enchant weapon
 t - 2 scrolls of brand weapon
 w - 3 scrolls of vulnerability
 x - 2 scrolls of fear
 y - 3 scrolls of magic mapping
 A - 2 scrolls of summoning
 B - 2 scrolls of blinking
 I - 2 scrolls of teleportation
Potions
 k - a potion of curing
 m - 8 potions of degeneration
 o - 2 potions of cancellation
 q - 4 potions of attraction
 u - 3 potions of mutation {unknown}
 z - 3 potions of flight
 J - 2 potions of brilliance
 L - 2 potions of ambrosia
 O - a potion of magic
 Q - a potion of invisibility
 V - a potion of lignification


   Skills:
 + Level 7.0 Fighting
 * Level 14.0(14.4) Maces & Flails
 - Level 4.9(10.4) Staves
 + Level 2.1 Throwing
 + Level 7.5 Armour
 + Level 4.2 Dodging
 + Level 4.6 Stealth
 * Level 4.0 Shields
 - Level 0.7 Spellcasting
 + Level 4.5 Evocations


You had 12 spell levels left.
You didn't know any spells.
Your spell library contained the following spells:

 Spells                   Type           Power      Damage    Failure   Level
 Apportation              Tloc           0%         N/A       100%        1
 Necrotise                Necr           0%         1d4       100%        1
 Summon Small Mammal      Summ           0%         N/A       100%        1
 Blink                    Tloc           0%         N/A       100%        2
 Call Canine Familiar     Summ           0%         N/A       100%        3
 Portal Projectile        Hex/Tloc       0%         N/A       100%        3
 Stone Arrow              Conj/Erth      0%         3d7       100%        3
 Animate Armour           Summ/Erth      0%         N/A       100%        4
 Leda's Liquefaction      Hex/Erth       0%         N/A       100%        4
 Manifold Assault         Tloc           0%         N/A       100%        5
 Storm Form               Tmut/Air       0%         N/A       100%        7
 Lehudib's Crystal Spear  Conj/Erth      0%         10d2      100%        8


Dungeon Overview and Level Annotations

Branches:
Dungeon (13/15)            Temple (1/1) D:6             Orc (0/2) D:9
Ossuary (visited)          Bailey (visited)
   Lair: D:8-11      Vaults: D:13-14

Altars:
Ashenzari
Cheibriados
Dithmenos
Elyvilon
Fedhas
Gozag
Hepliaklqana
Kikubaaqudgha
Makhleb
Nemelex Xobeh
Okawaru
Ru
Sif Muna
Trog
Uskayaw
Vehumet
Xom
Yredelemnul
Zin
The Shining One

Shops:
D:3 ?   D:7 (

Annotations:
D:11 exclusion: oklob plant
D:12 3 runed translucent doors, osoart's ghost, journeyman DrCj


Innate Abilities, Weirdness & Mutations

You are immune to sickness and miasma.
Your stone body is resilient. (AC +8)
You are immune to poison.
You resist negative energy. (rN+)
You are resistant to electric shocks. (rElec)
You are resistant to unholy torment.
You are immune to petrification.


Message History

The wolf spider zombie completely misses you.
The wolf spider zombie hits you but does no damage.
The wolf spider zombie bites you but does no damage.
Unknown command.
Aiming: Paralyse
Press: ? - help, Q - select action, (/) - cycle Shift-Dir - straight line, f - wolf spider zombie
Aim: a wolf spider zombie (lightly damaged, chance to affect: 65%)
The wolf spider zombie struggles to resist.
You block the wolf spider zombie's attack.
The wolf spider zombie barely misses you.
The wolf spider zombie hits you!
* * * LOW HITPOINT WARNING * * *
The wolf spider zombie bites you but does no damage.
You thump the wolf spider zombie!
The wolf spider zombie is moderately damaged.
You block the wolf spider zombie's attack.
The wolf spider zombie bites you but does no damage.
Unknown command.
Aiming: Paralyse
Press: ? - help, Q - select action, (/) - cycle Shift-Dir - straight line, f/p - wolf spider zombie
Aim: a wolf spider zombie (moderately damaged, chance to affect: 65%)
The wolf spider zombie struggles to resist.
The wolf spider zombie hits you.
* * * LOW HITPOINT WARNING * * *
The wolf spider zombie bites you but does no damage.
The wolf spider zombie hits you but does no damage.
The wolf spider zombie bites you but does no damage.
You sock the wolf spider zombie!
The wolf spider zombie is heavily damaged.
The wolf spider zombie is distracted by your dazzling golden aura.
You hit the wolf spider zombie.
The wolf spider zombie is no longer distracted by gold.
The wolf spider zombie is severely damaged.
The wolf spider zombie hits you but does no damage.
The wolf spider zombie bites you but does no damage.
You hit the wolf spider zombie.
The wolf spider zombie is severely damaged.
The wolf spider zombie hits you!
You die...
Your body crumbles into a pile of gold.

#.>##.##.# #..##.##.#
######.b##.##b#
#......○##.##.## #
##.###○°...#..b###
#.####.###.[......<..^
#..........#####...##.
####...#.###.## ##.##
♣.....$@........ b.#
♣.....Z....#.### ####
.♣.......#.#.#
♣......###.#.. .♣♣....
...# ..##.# #.# ..♣ ..
.# ♣. ###


You could see a wolf spider zombie.

Vanquished Creatures
  An orc warlord (Bailey)
  A hydra (D:12)
  A two-headed ogre (D:10)
  An orc knight (Bailey)
  An ugly thing (D:12)
  A manticore (D:12)
  An elephant (shapeshifter) (D:13)
  A kobold demonologist (D:9)
  A freezing wraith (D:11)
  A tengu conjurer (D:9)
  2 trolls (D:11)
  Grinder (D:3)
  2 hornets
  3 slime creatures (D:12)
  A meliai zombie (D:13)
  3 shadows
  11 yaks
  A vampire (D:10)
  2 wraiths
  A wyvern (D:11)
  A hog (shapeshifter) (D:10)
  Eustachio (D:5)
  3 acid dragons
  Duvessa (D:6)
  3 ice beasts
  A black bear (D:5)
  4 ogres
  15 orc warriors
  3 centaurs
  A phantom (D:4)
  A kobold brigand (D:8)
  2 bullfrogs
  A gnoll sergeant (D:8)
  2 scorpions
  2 necrophages
  13 wights
  Dowan (D:6)
  13 killer bees
  2 howler monkeys (D:9)
  2 centaur zombies
  A gnoll bouda (D:7)
  3 hounds
  3 orc priests
  A human zombie (Ossuary)
  Terence (D:3)
  2 iguanas (D:5)
  7 orc wizards
  3 mummies (Ossuary)
  20 gnolls
  7 adders
  2 white imps
  3 worms
  A dart slug (D:5)
  35 orcs
  4 ball pythons
  6 bats
  7 endoplasms
  A giant cockroach (D:1)
  2 gnoll zombies (Ossuary)
  16 goblins
  14 hobgoblins
  4 jackals (D:1)
  2 quokkas
  A frilled lizard (D:2)
  A hobgoblin zombie (Ossuary)
  14 kobolds
  A kobold zombie (Ossuary)
  2 orc zombies (Ossuary)
  2 rats (D:2)
275 creatures vanquished.

Vanquished Creatures (others)
  An orc (D:9)
  3 plants (D:11)
4 creatures vanquished.

Grand Total: 279 creatures vanquished

Notes
Turn   | Place    | Note
-------+----------+-------------------------------------------
     0 | D:1      | Newt the Gargoyle Gladiator began the quest for the Orb.
     0 | D:1      | Reached XP level 1. HP: 12/12 MP: 1/1
   142 | D:1      | Reached XP level 2. HP: 6/17 MP: 2/2
   697 | D:1      | Reached XP level 3. HP: 18/22 MP: 3/3
   702 | D:1      | Reached skill level 1 in Evocations
   783 | D:1      | Found a faded altar of an unknown god.
  1423 | D:2      | Reached XP level 4. HP: 27/27 MP: 4/4
  2113 | D:3      | Found a bloodstained altar of Trog.
  2328 | D:3      | Identified a scroll of acquirement
  2328 | D:3      | Acquired a +4 ring of slaying
  2444 | D:3      | Found Bastrofudd's Magic Scroll Boutique.
  2452 | D:3      | Bought a scroll of identify for 26 gold pieces
  2452 | D:3      | Bought a scroll of identify for 26 gold pieces
  2487 | D:3      | Reached skill level 1 in Armour
  2492 | D:3      | Reached XP level 5. HP: 20/31 MP: 5/5
  2748 | D:3      | Found a glowing golden altar of the Shining One.
  2929 | D:3      | Noticed Grinder
  2935 | D:3      | Paralysed by Grinder for 3 turns
  2940 | D:3      | Killed Grinder
  2941 | D:3      | Reached skill level 1 in Stealth
  2941 | D:3      | Reached XP level 6. HP: 12/36 MP: 6/6
  3229 | D:3      | Noticed Terence
  3241 | D:3      | Killed Terence
  3336 | D:4      | Identified the +9 mace "Gedat" {vorpal, rPois Stlth+}
  3441 | D:4      | Reached XP level 7. HP: 41/41 MP: 7/7
  3738 | D:5      | Entered Level 5 of the Dungeon
  3749 | D:5      | Reached skill level 1 in Maces & Flails
  3753 | D:5      | Noticed Eustachio
  3761 | D:5      | Killed Eustachio
  3762 | D:5      | Reached skill level 2 in Maces & Flails
  3849 | D:5      | Reached XP level 8. HP: 38/47 MP: 8/8
  3861 | D:5      | Reached skill level 3 in Maces & Flails
  4785 | D:6      | Found a sand-covered staircase.
  4795 | Ossuary  | Entered an ossuary
  4829 | Ossuary  | Reached skill level 4 in Maces & Flails
  5222 | D:6      | Found a staircase to the Ecumenical Temple.
  5234 | Temple   | Entered the Ecumenical Temple
  5293 | Temple   | Became a worshipper of Gozag Ym Sagoz the Greedy
  5310 | D:6      | Noticed Duvessa
  5310 | D:6      | Noticed Dowan
  5321 | D:6      | Killed Dowan
  5328 | D:6      | Killed Duvessa
  5329 | D:6      | Reached skill level 5 in Maces & Flails
  5576 | D:6      | Reached XP level 9. HP: 47/52 MP: 9/9
  5586 | D:6      | Reached skill level 6 in Maces & Flails
  6276 | D:7      | Reached skill level 7 in Maces & Flails
  6347 | D:7      | Noticed a hornet
  6354 | D:7      | Killed a hornet
  6375 | D:7      | Identified the +8 plate armour "Ysuysiem" {rN++ MP-9 Dex+2
                  | SInv}
  6455 | D:7      | Found Bets's Antique Weapon Emporium.
  6799 | D:8      | Reached skill level 8 in Maces & Flails
  7006 | D:8      | Reached skill level 9 in Maces & Flails
  7011 | D:8      | Reached XP level 10. HP: 50/58 MP: 2/11
  7542 | D:9      | Reached skill level 10 in Maces & Flails
  7634 | D:9      | Found a staircase to the Orcish Mines.
  7640 | D:9      | Noticed a kobold demonologist
  7644 | D:9      | Reached skill level 5 in Fighting
  7657 | D:9      | Killed a kobold demonologist
  7914 | D:9      | Found a flagged portal.
  7923 | Bailey   | Entered a bailey
  8212 | Bailey   | Noticed an orc knight
  8226 | Bailey   | Killed an orc knight
  8227 | Bailey   | Reached skill level 11 in Maces & Flails
  8227 | Bailey   | Reached skill level 5 in Armour
  8290 | Bailey   | Noticed an orc warlord
  8313 | Bailey   | HP: 4/88 [orc warlord/+7 broad axe (5)]
  8320 | Bailey   | Killed an orc warlord
  8625 | Bailey   | Identified the +1 pearl dragon scales of Lobus {rN+ Will+
                  | Int+6}
  8680 | D:9      | Reached XP level 11. HP: 64/64 MP: 3/12
  8714 | D:9      | Reached skill level 12 in Maces & Flails
  9043 | D:9      | Acquired the amulet "Bekeng" {Reflect Dex+4 SH+5}
  9195 | D:9      | Identified the +1 ring mail "Gemnakho" {Rampage Regen+
                  | rCorr Int-5}
  9371 | D:10     | Entered Level 10 of the Dungeon
  9606 | D:10     | Noticed a two-headed ogre
  9619 | D:10     | Killed a two-headed ogre
  9620 | D:10     | Reached skill level 13 in Maces & Flails
  9620 | D:10     | Reached skill level 1 in Shields
 10141 | D:10     | Found a shimmering blue altar of Sif Muna.
 10982 | D:11     | Noticed an oklob plant
 11045 | D:12     | Noticed a green ugly thing
 11066 | D:12     | Noticed a manticore
 11077 | D:12     | Killed a manticore
 11081 | D:12     | Killed a green ugly thing
 11230 | D:12     | Noticed a seven-headed hydra
 11241 | D:12     | Killed a seven-headed hydra
 11495 | D:12     | Reached XP level 12. HP: 71/71 MP: 4/13
 11657 | D:12     | Noticed a centaur warrior
 11706 | D:12     | Found a runed translucent gate.
 11706 | D:12     | Found a runed translucent gate.
 11706 | D:12     | Found a runed translucent gate.
 11706 | D:12     | Noticed a centaur warrior
 11707 | D:12     | Noticed a naga warrior
 11707 | D:12     | Noticed a tengu warrior
 11708 | D:12     | Noticed osoart's ghost (journeyman DrCj)
 11708 | D:12     | Noticed a naga warrior
 11709 | D:12     | Noticed a tengu warrior
 11712 | D:12     | Found an iron altar of Okawaru.
 12217 | D:13     | Reached skill level 14 in Maces & Flails
 12238 | D:13     | Slain by a wolf spider zombie

Illustrated notes

Levels and vault maps discovered:
D:1:      nagdon_arrival_zigzag_paths, layout_loops_ring,
          hellmonk_ecumenical_altar_crossroads, bh_walls_and_bars
D:2:      layout_loops_ring
D:3:      layout_loops_ring, mainiacjoe_overflow_chevrons,
          amcnicky_altar_gilded, serial_shops, shop, uniq_grinder, uniq_terence
D:4:      layout_rooms
D:5:      layout_basic, amcnicky_mini_rare_corridor_liquid, uniq_eustachio
D:6:      layout_cave_pools, minmay_temple_entry_trees,
          nicolae_ossuary_entry_monument, hangedman_abyss_or_decor_stabs,
          uniq_duvessa
D:7:      layout_loops_ring, serial_shops, shop, kennysheep_cross_bottleneck
D:8:      layout_basic
D:9:      layout_roguey, orc_0_dummy, enter_bailey_6, kennysheep_generic_room_11
D:10:     layout_irregular_city, general_overflow_altar
D:11:     layout_loops_corners, dpeg_oklobed_lair, kennysheep_generic_room_8
D:12:     layout_long_grid, gammafunk_ghost_fury_of_okawaru
D:13:     layout_loops_ring, skrybe_vaults_entry_preservation,
          nicolae_yredelemnul_corpse_copse
Temple:   nicolae_temple_bog_church

Skill      XL: |  1  2  3  4  5  6  7  8  9 10 11 12 |
---------------+-------------------------------------+-----
Throwing       | 2 |  2.1
Evocations     | 1 2 3 4 |  4.5
Armour         | 1 2 3 4 5 7 |  7.5
Staves         | 4 |  4.9
Dodging        | 3 4 |  4.2
Stealth        | 1 2 3 4 |  4.6
Fighting       | 3 4 5 6 7 |  7.0
Maces & Flails | 2 5 9 11 13 14 | 14.0
Shields        | 3 4 |  4.0
Spellcasting   | |  0.7

Action                   |  1- 3 |  4- 6 |  7- 9 | 10-12 || total
-------------------------+-------+-------+-------+-------++-------
Melee: Quarterstaff      |    91 |    67 |       |       ||   158
       Mace              |       |     5 |   200 |   430 ||   635
       Punch             |       |       |     2 |    10 ||    12
Throw: Throwing net      |     1 |       |       |       ||     1
       Boomerang         |     3 |     1 |       |       ||     4
Evoke: Wand              |       |       |     2 |    11 ||    13
  Use: Scroll            |       |     7 |     8 |    17 ||    32
       Potion            |       |       |     4 |     8 ||    12
 Stab: Sleeping          |     1 |     3 |     3 |       ||     7
       Distracted        |       |       |     1 |     2 ||     3
Armor: Leather armour    |    38 |    22 |    52 |       ||   112
       Plate armour      |       |       |    36 |   278 ||   314
       Skin              |       |       |       |     9 ||     9
Dodge: Dodged            |    67 |    37 |   118 |   116 ||   338
Block: Other             |       |       |       |    22 ||    22
       Reflection        |       |       |       |     1 ||     1
       Orb               |       |       |       |    10 ||    10

Table legend: (Time is in decaauts)
 A = Elapsed time spent in this place.
 B = Non-inter-level travel time spent in this place.
 C = Inter-level travel time spent in this place.
 D = Time resting spent in this place.
 E = Time spent auto-exploring this place.
 F = Levels seen in this place.
 G = Mean time per level.
                   A        B        C        D        E       F      G
               +--------+--------+--------+--------+--------+-----+--------+
         Total |  12146 |  11711 |    435 |    667 |   9217 |  16 |  759.1 |
       Dungeon |  11013 |  10587 |    426 |    411 |   8671 |  13 |  847.2 |
        Temple |     74 |     65 |      9 |      0 |      0 |   1 |   74.0 |
       Ossuary |    345 |    345 |      0 |      0 |    271 |   1 |  345.0 |
        Bailey |    714 |    714 |      0 |    256 |    275 |   1 |  714.0 |
               +--------+--------+--------+--------+--------+-----+--------+

Top non-repeatable levels by time:
     D:1: 1174 daAuts
     D:3: 1151 daAuts
    D:12: 1147 daAuts
     D:9: 1091 daAuts
     D:5: 1030 daAuts
     D:2: 940 daAuts
    D:11: 823 daAuts
     D:6: 801 daAuts
    D:10: 794 daAuts
     D:8: 759 daAuts
     D:7: 755 daAuts
  Bailey: 714 daAuts
     D:4: 492 daAuts
 Ossuary: 345 daAuts
  Temple: 74 daAuts
